General information
- name: BNet
- type: Ladder team game (AT/RT)
- host: Battle.net
- saver: ImHere
map: GolemsInTheMist
- players: 8
- length: 35:16
- speed: Fast
- version: 1.28 W3XP
- replay type: Public
» download(300 KB)
Players
team 1 (winner)

»
PINGTEST (
yellow | 173 APM | 6115 actions | 35:15)
8 Death Knight
3 Death Coil
3 Unholy Aura
1 Animate Dead
1 Death Pact
7 Lich
3 Frost Nova
3 Frost Armor
1 Death and Decay
» actions
| Assign group hotkey | 33 | |
| Basic commands | 70 | |
| Build / train | 139 | |
| Enter build submenu | 18 | |
| Enter hero's abilities submenu | 15 | |
| Give item / drop item | 5 | |
| Right click | 2066 | |
| Select / deselect | 676 | |
| Select group hotkey | 2974 | |
| Use ability | 119 | |
6115 total
» units
| Acolyte | 2 | |
| Ghoul | 3 | |
| Crypt Fiend | 12 | |
| Frost Wyrm | 10 | |
27 total
» upgrades
| Creature Attack | 3 | |
| Creature Carapace | 3 | |
| Web | 1 | |
| Burrow | 1 | |
8 total
» buildings
| Crypt | 1 | |
| Graveyard | 1 | |
| Altar of Darkness | 1 | |
| Ziggurat | 7 | |
| Tomb of Relics | 1 | |
| Halls of the Dead | 4 | |
| Black Citadel | 4 | |
| Sacrificial Pit | 1 | |
| Boneyard | 2 | |
| Spirit Tower | 5 | |
| Necropolis | 2 | |
29 total
» build order
00:07 Crypt
00:23 Graveyard
00:33 Altar of Darkness
00:49 Ziggurat
01:19 Tomb of Relics
01:41 Halls of the Dead
01:41 Halls of the Dead
02:09 Ziggurat
03:18 Ziggurat
03:19 Ziggurat
04:08 Black Citadel
04:08 Black Citadel
04:08 Black Citadel
04:31 Sacrificial Pit
05:14 Ziggurat
06:39 Boneyard
07:31 Boneyard
08:48 Ziggurat
08:49 Ziggurat
11:13 Spirit Tower
11:13 Spirit Tower
11:16 Spirit Tower
29:47 Necropolis
29:58 Necropolis
» items
| Rod of Necromancy | 5 | |
| Lesser Clarity Potion | 11 | |
| Healing Salve | 5 | |
| Scroll of Town Portal | 7 | |
| Orb of Corruption | 3 | |
| Orb of Fire | 1 | |
32 total

»
kim(dot)fi (
red | 58 APM | 2030 actions | 35:15)
5 Mountain King
3 Storm Bolt
2 Bash
» actions
| Assign group hotkey | 58 | |
| Build / train | 92 | |
| Enter build submenu | 19 | |
| Enter hero's abilities submenu | 5 | |
| Remove unit from queue | 3 | |
| Right click | 1275 | |
| Select / deselect | 341 | |
| Select group hotkey | 176 | |
| Use ability | 61 | |
2030 total
» units
| Peasant | 45 | |
| Footman | 13 | |
| Flying Machine | 1 | |
| Mortar Team | 1 | |
| Siege Engine | 7 | |
| Goblin Zeppelin | 1 | |
| Peon | 4 | |
72 total
» upgrades
» buildings
| Altar of Kings | 1 | |
| Farm | 4 | |
| Barracks | 1 | |
| Lumber Mill | 1 | |
| Blacksmith | 1 | |
| Arcane Vault | 2 | |
| Keep | 1 | |
| Workshop | 2 | |
| Castle | 2 | |
15 total
» build order
00:27 Altar of Kings
00:41 Farm
01:27 Farm
01:52 Barracks
02:07 Farm
02:57 Farm
03:17 Lumber Mill
03:20 Blacksmith
05:15 Arcane Vault
13:31 Arcane Vault
15:58 Keep
19:14 Workshop
19:16 Workshop
19:54 Castle
19:54 Castle
» items
| Lesser Clarity Potion | 2 | |
| Scroll of Town Portal | 2 | |
| Potion of Healing | 1 | |
| Healing Salve | 1 | |
6 total

»
6K_GRUBBY (
pink | 71 APM | 2006 actions | 28:07)
4 Blademaster
2 Wind Walk
2 Critical Strike
1 Shadow Hunter
1 Hex
» actions
| Assign group hotkey | 27 | |
| Basic commands | 30 | |
| Build / train | 54 | |
| ESC pressed | 2 | |
| Enter build submenu | 19 | |
| Enter hero's abilities submenu | 5 | |
| Give item / drop item | 1 | |
| Right click | 937 | |
| Select / deselect | 392 | |
| Select group hotkey | 404 | |
| Use ability | 135 | |
2006 total
» units
| Peon | 23 | |
| Goblin Zeppelin | 6 | |
| Goblin Shredder | 1 | |
| Troll Batrider | 3 | |
33 total
» buildings
| Altar of Storms | 2 | |
| Orc Burrow | 7 | |
| Voodoo Lounge | 3 | |
| Stronghold | 4 | |
| Great Hall | 1 | |
| War Mill | 1 | |
| Barracks | 1 | |
| Beastiary | 2 | |
21 total
» build order
00:07 Altar of Storms
00:23 Orc Burrow
01:21 Voodoo Lounge
02:31 Voodoo Lounge
05:31 Stronghold
05:31 Stronghold
06:27 Orc Burrow
06:56 Orc Burrow
13:05 Great Hall
18:08 Orc Burrow
21:05 War Mill
21:40 Altar of Storms
22:16 Stronghold
24:02 Orc Burrow
25:02 Barracks
25:29 Beastiary
25:33 Beastiary
25:42 Voodoo Lounge
25:47 Orc Burrow
26:45 Orc Burrow
» items
| Healing Salve | 2 | |
| Lesser Clarity Potion | 1 | |
| Scroll of Speed | 2 | |
| Orb of Corruption | 4 | |
9 total
ImHere (
orange | 44 APM | 1564 actions | 35:16)
2 Paladin
1 Holy Light
1 Divine Shield
1 Blademaster
1 Wind Walk
» actions
| Assign group hotkey | 23 | |
| Basic commands | 22 | |
| Build / train | 94 | |
| Enter build submenu | 64 | |
| Enter hero's abilities submenu | 3 | |
| Remove unit from queue | 3 | |
| Right click | 496 | |
| Select / deselect | 463 | |
| Select group hotkey | 289 | |
| Use ability | 107 | |
1564 total
» units
| Peasant | 13 | |
| Goblin Shredder | 1 | |
| Goblin Zeppelin | 1 | |
| Flying Machine | 17 | |
32 total
» upgrades
| Masonry | 3 | |
| Lumber Harvesting | 1 | |
| Magic Sentry | 1 | |
| Gunpowder | 3 | |
| Plating | 3 | |
| Flak Cannons | 1 | |
| Flying Machine Bombs | 1 | |
| Barrage | 1 | |
| Flare | 1 | |
15 total
» buildings
| Scout Tower | 53 | |
| Lumber Mill | 2 | |
| Arcane Tower | 4 | |
| Guard Tower | 34 | |
| Keep | 1 | |
| Arcane Sanctum | 1 | |
| Farm | 5 | |
| Altar of Kings | 1 | |
| Blacksmith | 2 | |
| Workshop | 3 | |
| Castle | 1 | |
| Town Hall | 1 | |
| Arcane Vault | 1 | |
109 total
» build order
02:53 Scout Tower
03:04 Lumber Mill
03:27 Arcane Tower
03:34 Scout Tower
03:37 Scout Tower
03:39 Scout Tower
03:42 Scout Tower
04:49 Guard Tower
04:58 Guard Tower
05:17 Guard Tower
06:15 Scout Tower
06:17 Scout Tower
06:21 Scout Tower
06:24 Scout Tower
06:49 Guard Tower
06:53 Guard Tower
07:01 Guard Tower
07:44 Keep
08:32 Scout Tower
08:32 Scout Tower
08:33 Scout Tower
08:34 Scout Tower
08:38 Scout Tower
08:41 Scout Tower
08:41 Scout Tower
08:42 Scout Tower
08:44 Scout Tower
08:49 Scout Tower
09:04 Guard Tower
09:06 Guard Tower
09:26 Guard Tower
10:40 Guard Tower
10:54 Guard Tower
10:59 Guard Tower
11:05 Arcane Tower
11:25 Scout Tower
11:27 Scout Tower
11:32 Scout Tower
11:34 Scout Tower
11:40 Scout Tower
11:53 Guard Tower
11:59 Guard Tower
13:09 Scout Tower
13:10 Scout Tower
13:12 Scout Tower
13:23 Guard Tower
13:25 Arcane Tower
13:48 Guard Tower
13:55 Guard Tower
13:55 Guard Tower
13:56 Guard Tower
13:56 Guard Tower
13:57 Guard Tower
13:59 Guard Tower
15:03 Lumber Mill
15:10 Scout Tower
15:11 Scout Tower
15:12 Scout Tower
15:12 Scout Tower
15:23 Arcane Sanctum
16:23 Guard Tower
16:34 Farm
16:35 Farm
16:38 Farm
16:38 Farm
16:44 Farm
18:12 Altar of Kings
18:17 Guard Tower
18:35 Blacksmith
19:57 Blacksmith
20:07 Workshop
20:08 Workshop
20:09 Workshop
20:27 Castle
22:16 Town Hall
22:19 Scout Tower
22:19 Scout Tower
22:20 Scout Tower
22:20 Scout Tower
22:21 Scout Tower
22:21 Scout Tower
22:22 Scout Tower
22:23 Scout Tower
22:25 Scout Tower
22:27 Scout Tower
23:00 Guard Tower
23:22 Guard Tower
23:50 Guard Tower
23:51 Guard Tower
23:53 Guard Tower
23:56 Guard Tower
24:06 Guard Tower
27:59 Scout Tower
27:59 Scout Tower
28:00 Scout Tower
28:00 Scout Tower
28:00 Scout Tower
28:01 Scout Tower
28:01 Scout Tower
29:08 Guard Tower
29:42 Guard Tower
31:33 Guard Tower
32:07 Arcane Vault
32:57 Scout Tower
32:59 Scout Tower
33:01 Scout Tower
33:02 Scout Tower
33:05 Scout Tower
34:14 Guard Tower
team 2 (loser)

»
Fat.Cat (
green | 61 APM | 1903 actions | 31:22)
3 Archmage
2 Blizzard
1 Brilliance Aura
» actions
| Assign group hotkey | 33 | |
| Basic commands | 103 | |
| Build / train | 81 | |
| Enter build submenu | 51 | |
| Enter hero's abilities submenu | 3 | |
| Give item / drop item | 1 | |
| Remove unit from queue | 1 | |
| Right click | 727 | |
| Select / deselect | 411 | |
| Select group hotkey | 389 | |
| Use ability | 103 | |
1903 total
» units
| Peasant | 20 | |
| Footman | 8 | |
| Goblin Shredder | 12 | |
| Goblin Zeppelin | 1 | |
| Goblin Sapper | 4 | |
45 total
» upgrades
» buildings
| Lumber Mill | 2 | |
| Scout Tower | 32 | |
| Guard Tower | 19 | |
| Farm | 6 | |
| Altar of Kings | 1 | |
| Barracks | 1 | |
| Keep | 1 | |
| Arcane Vault | 2 | |
| Town Hall | 3 | |
| Blacksmith | 1 | |
68 total
» build order
00:18 Lumber Mill
01:05 Scout Tower
01:07 Scout Tower
01:10 Scout Tower
01:14 Scout Tower
01:37 Guard Tower
01:43 Guard Tower
01:53 Scout Tower
01:58 Farm
02:17 Guard Tower
02:29 Scout Tower
02:53 Altar of Kings
03:40 Guard Tower
03:45 Scout Tower
04:07 Guard Tower
04:13 Farm
04:59 Barracks
05:46 Farm
06:29 Farm
07:06 Keep
07:14 Scout Tower
07:15 Scout Tower
07:20 Arcane Vault
07:27 Town Hall
07:38 Scout Tower
07:43 Scout Tower
07:46 Guard Tower
07:48 Guard Tower
08:43 Farm
09:31 Guard Tower
10:06 Guard Tower
10:35 Arcane Vault
10:38 Scout Tower
10:42 Scout Tower
10:44 Scout Tower
10:45 Scout Tower
11:06 Scout Tower
11:08 Scout Tower
11:10 Scout Tower
11:24 Guard Tower
11:57 Guard Tower
12:00 Blacksmith
13:27 Scout Tower
13:28 Scout Tower
13:29 Scout Tower
14:06 Farm
14:08 Guard Tower
14:12 Scout Tower
14:14 Scout Tower
14:17 Scout Tower
14:18 Scout Tower
14:21 Scout Tower
14:25 Scout Tower
14:54 Guard Tower
15:01 Guard Tower
15:52 Scout Tower
16:15 Town Hall
16:29 Guard Tower
16:30 Scout Tower
17:09 Guard Tower
17:10 Scout Tower
17:41 Guard Tower
18:29 Scout Tower
19:00 Guard Tower
19:02 Scout Tower
19:35 Guard Tower
22:19 Town Hall
28:31 Lumber Mill
» items
| Scroll of Regeneration | 1 | |
| Lesser Clarity Potion | 2 | |
| Scroll of Town Portal | 3 | |
| Orb of Corruption | 1 | |
| Potion of Healing | 3 | |
10 total

»
Ann (
teal | 127 APM | 4051 actions | 31:46)
4 Archmage
2 Summon Water Elemental
2 Brilliance Aura
4 Mountain King
2 Storm Bolt
2 Bash
» actions
| Assign group hotkey | 579 | |
| Basic commands | 120 | |
| Build / train | 90 | |
| ESC pressed | 2 | |
| Enter build submenu | 29 | |
| Enter hero's abilities submenu | 8 | |
| Give item / drop item | 2 | |
| Remove unit from queue | 1 | |
| Right click | 1086 | |
| Select / deselect | 573 | |
| Select group hotkey | 1431 | |
| Use ability | 130 | |
4051 total
» units
| Peasant | 14 | |
| Footman | 7 | |
| Rifleman | 8 | |
| Priest | 6 | |
| Sorceress | 2 | |
| Flying Machine | 16 | |
| Mortar Team | 1 | |
| Knight | 3 | |
| Spell Breaker | 1 | |
58 total
» upgrades
| Defend | 1 | |
| Lumber Harvesting | 1 | |
| Gunpowder | 2 | |
| Priest Training | 2 | |
| Flak Cannons | 1 | |
| Flying Machine Bombs | 1 | |
8 total
» buildings
| Altar of Kings | 1 | |
| Barracks | 1 | |
| Farm | 9 | |
| Scout Tower | 7 | |
| Arcane Tower | 2 | |
| Keep | 1 | |
| Arcane Vault | 2 | |
| Blacksmith | 1 | |
| Arcane Sanctum | 2 | |
| Lumber Mill | 1 | |
| Town Hall | 1 | |
| Guard Tower | 3 | |
| Workshop | 2 | |
| Castle | 1 | |
34 total
» build order
00:07 Altar of Kings
00:22 Barracks
00:36 Farm
01:06 Farm
01:42 Farm
01:45 Scout Tower
02:16 Arcane Tower
03:20 Keep
03:29 Arcane Vault
04:11 Farm
04:25 Blacksmith
04:34 Farm
06:21 Arcane Sanctum
06:22 Farm
07:00 Arcane Sanctum
09:14 Scout Tower
10:14 Lumber Mill
10:18 Town Hall
10:41 Farm
11:02 Scout Tower
11:04 Scout Tower
11:07 Scout Tower
11:13 Scout Tower
11:16 Scout Tower
11:19 Guard Tower
11:36 Guard Tower
11:46 Arcane Tower
11:47 Guard Tower
11:52 Arcane Vault
13:45 Workshop
13:46 Workshop
13:52 Farm
13:54 Farm
15:41 Castle
» items
| Scroll of Town Portal | 2 | |
| Potion of Healing | 1 | |
3 total

»
Thonno (
blue | 46 APM | 1502 actions | 32:34)
5 Mountain King
3 Storm Bolt
2 Bash
1 Paladin
1 Holy Light
» actions
| Build / train | 125 | |
| ESC pressed | 3 | |
| Enter build submenu | 26 | |
| Enter hero's abilities submenu | 6 | |
| Give item / drop item | 3 | |
| Remove unit from queue | 2 | |
| Right click | 718 | |
| Select / deselect | 545 | |
| Use ability | 74 | |
1502 total
» units
| Peasant | 20 | |
| Footman | 11 | |
| Flying Machine | 51 | |
| Goblin Zeppelin | 2 | |
84 total
» upgrades
| Defend | 1 | |
| Masonry | 1 | |
| Flak Cannons | 1 | |
| Flying Machine Bombs | 1 | |
| Gunpowder | 1 | |
5 total
» buildings
| Altar of Kings | 1 | |
| Farm | 7 | |
| Barracks | 1 | |
| Scout Tower | 8 | |
| Arcane Tower | 4 | |
| Arcane Vault | 1 | |
| Lumber Mill | 1 | |
| Keep | 2 | |
| Guard Tower | 8 | |
| Blacksmith | 1 | |
| Workshop | 2 | |
| Castle | 1 | |
| Town Hall | 2 | |
39 total
» build order
00:22 Altar of Kings
00:23 Farm
00:46 Barracks
00:58 Farm
01:26 Scout Tower
01:32 Farm
02:06 Arcane Tower
02:06 Arcane Tower
03:39 Arcane Vault
06:01 Scout Tower
06:38 Scout Tower
06:41 Lumber Mill
06:43 Arcane Tower
06:43 Arcane Tower
07:25 Keep
07:25 Keep
07:28 Guard Tower
07:28 Guard Tower
09:12 Scout Tower
09:21 Scout Tower
09:33 Farm
09:43 Guard Tower
09:50 Scout Tower
09:53 Guard Tower
09:58 Scout Tower
10:02 Scout Tower
10:25 Guard Tower
10:25 Guard Tower
10:59 Guard Tower
11:20 Blacksmith
12:18 Workshop
12:22 Castle
12:35 Workshop
13:00 Farm
13:57 Farm
15:55 Farm
27:57 Town Hall
30:31 Town Hall
» items
| Scroll of Regeneration | 2 | |
| Scroll of Town Portal | 2 | |
4 total

»
Hum_imba (
purple | 57 APM | 2024 actions | 35:15)
6 Death Knight
3 Death Coil
3 Unholy Aura
5 Lich
3 Frost Nova
2 Frost Armor
» actions
| Assign group hotkey | 34 | |
| Basic commands | 1 | |
| Build / train | 66 | |
| Enter build submenu | 18 | |
| Enter hero's abilities submenu | 12 | |
| Give item / drop item | 2 | |
| Remove unit from queue | 5 | |
| Right click | 1224 | |
| Select / deselect | 386 | |
| Select group hotkey | 179 | |
| Use ability | 97 | |
2024 total
» units
| Acolyte | 9 | |
| Ghoul | 4 | |
| Crypt Fiend | 8 | |
| Obsidian Statue | 2 | |
| Frost Wyrm | 11 | |
34 total
» upgrades
| Creature Attack | 1 | |
| Burrow | 1 | |
| Web | 1 | |
3 total
» buildings
| Crypt | 1 | |
| Ziggurat | 6 | |
| Altar of Darkness | 1 | |
| Graveyard | 1 | |
| Tomb of Relics | 1 | |
| Halls of the Dead | 1 | |
| Nerubian Tower | 1 | |
| Black Citadel | 1 | |
| Slaughterhouse | 1 | |
| Sacrificial Pit | 1 | |
| Boneyard | 2 | |
17 total
» build order
00:08 Crypt
00:11 Ziggurat
00:34 Altar of Darkness
01:03 Graveyard
02:15 Ziggurat
02:53 Tomb of Relics
04:23 Halls of the Dead
05:20 Nerubian Tower
05:26 Ziggurat
05:27 Ziggurat
07:01 Black Citadel
08:22 Ziggurat
09:29 Slaughterhouse
10:34 Sacrificial Pit
11:11 Ziggurat
12:09 Boneyard
12:11 Boneyard
» items
| Rod of Necromancy | 1 | |
| Scroll of Regeneration | 1 | |
| Lesser Clarity Potion | 1 | |
| Scroll of Town Portal | 4 | |
| Orb of Corruption | 1 | |
| Potion of Healing | 1 | |
9 total
Chat log
(00:14 / Allies) PINGTEST: hi 100g or full feed ?
(00:18 / Allies) PINGTEST: me pro i have 9-1
(00:20 / Allies) 6K_GRUBBY: i can feed
(00:27 / Allies) PINGTEST: soo gogo feeed
(00:37 / Allies) kim(dot)fi: good
(00:39 / Allies) PINGTEST: no towers
(00:42 / Allies) PINGTEST: just peons and hero
(00:43 / Allies) PINGTEST: and shop
(00:56 / Allies) 6K_GRUBBY: y
(01:04 / Allies) 6K_GRUBBY: i know mate
(01:06 / Allies) PINGTEST: ornage afk red take exe
(01:13 / Allies) PINGTEST: and mass t1
(01:17 / Allies) kim(dot)fi: ok
(01:25 / Allies) PINGTEST: mass t1
(01:28 / Allies) PINGTEST: u must win vs 2
(01:51 / All) Hum_imba: guys
(02:04 / All) Hum_imba: does the player at south east is afk?
(02:09 / All) Hum_imba: if yes, green mh
(02:18 / All) kim(dot)fi: yep
(02:27 / Allies) PINGTEST: take exe go mass foots
(02:27 / All) Hum_imba: pfff
(02:30 / All) Hum_imba: so boring
(02:33 / All) 6K_GRUBBY: GET HIM
(02:34 / All) 6K_GRUBBY: HE HACKS
(02:39 / All) Ann: :-D
(02:49 / All) Ann: welcome to the internet
(02:53 / Allies) kim(dot)fi: orange back
(03:44 / Allies) PINGTEST: b creep
(03:53 / Allies) PINGTEST: gooold
(04:27 / Allies) PINGTEST: feed ^^
(04:28 / Allies) PINGTEST: ty
(04:59 / Allies) PINGTEST: i can use all time
(05:33 / Allies) kim(dot)fi: THX AND SORRY YELLOW
(05:42 / Allies) PINGTEST: mass rifl and shio
(05:43 / Allies) PINGTEST: np
(06:10 / Allies) PINGTEST: must save pink
(07:05 / Allies) kim(dot)fi: no units?
(07:12 / Allies) ImHere: I have militia
(07:12 / Allies) PINGTEST: wood
(08:16 / Allies) kim(dot)fi: ty
(08:33 / Allies) PINGTEST: wood red
(08:45 / Allies) kim(dot)fi: ty orange
(09:01 / Allies) PINGTEST: thats the loes
(10:30 / Allies) PINGTEST: cant
(10:41 / Allies) PINGTEST: wood
(11:52 / Allies) 6K_GRUBBY: wood?
(12:08 / Allies) 6K_GRUBBY: wood for expo?
(12:17 / Allies) ImHere: bolt him
(12:19 / Allies) PINGTEST: gold for tp
(12:21 / Allies) kim(dot)fi: nice
(14:01 / Allies) PINGTEST: need aa
(14:18 / Allies) PINGTEST: i ahve tp red
(15:30 / Allies) 6K_GRUBBY: red send mk back
(15:32 / Allies) 6K_GRUBBY: i heal salve it
(15:39 / All) Hum_imba: this green
(15:42 / Allies) kim(dot)fi: ty man
(15:44 / All) Hum_imba: cant believe this
(15:45 / Allies) 6K_GRUBBY: np
(15:51 / All) kim(dot)fi: gg :DD
(15:54 / Allies) kim(dot)fi: gj yellow
(16:00 / Allies) 6K_GRUBBY: red
(16:01 / Allies) 6K_GRUBBY: tech up
(16:03 / All) Ann: at least he is better than you and blue
(16:05 / All) Ann: :-)
(16:23 / All) Hum_imba: green better than me?ß
(18:51 / Allies) 6K_GRUBBY: red
(18:53 / Allies) 6K_GRUBBY: u need to do more
(18:55 / Allies) 6K_GRUBBY: then just farm gold
(19:02 / Allies) PINGTEST: nee bats
(19:07 / Allies) 6K_GRUBBY: ye gl
(19:09 / Allies) 6K_GRUBBY: im stuck
(19:13 / Allies) 6K_GRUBBY: frosty killed my zep
(19:19 / Allies) 6K_GRUBBY: share
(19:22 / Allies) 6K_GRUBBY: need to buy zep
(19:33 / Allies) 6K_GRUBBY: share yellow
(19:35 / Allies) kim(dot)fi: i help u
(19:43 / Allies) 6K_GRUBBY: k
(19:45 / Allies) 6K_GRUBBY: red has shared
(19:56 / Allies) 6K_GRUBBY: ty
(20:10 / Allies) kim(dot)fi: need wood :(
(20:11 / Allies) PINGTEST: need bats vs gyro
(20:26 / Allies) kim(dot)fi: 2 blacksmith
(20:57 / Allies) kim(dot)fi: towers
(21:23 / Allies) 6K_GRUBBY: inc
(21:55 / Allies) 6K_GRUBBY: ul need to b
(22:18 / Allies) 6K_GRUBBY: 35 min
(22:19 / Allies) 6K_GRUBBY: ?
(22:21 / Allies) 6K_GRUBBY: and no units?
(22:24 / Allies) PINGTEST: gold
(22:40 / Allies) PINGTEST: red?
(22:42 / Allies) PINGTEST: some aa ?
(22:45 / Allies) kim(dot)fi: tanks
(22:46 / Allies) PINGTEST: psoobile or me alonce vs all
(22:58 / Allies) PINGTEST: how long u need for batsß
(23:03 / Allies) 6K_GRUBBY: quite long
(23:05 / Allies) PINGTEST: back let die
(23:09 / Allies) 6K_GRUBBY: approx 3-4 min
(23:42 / Allies) kim(dot)fi: tp yellow
(23:43 / Allies) kim(dot)fi: u win
(23:47 / Allies) PINGTEST: no
(24:43 / Allies) 6K_GRUBBY: you may have to tp to orange
(25:16 / Allies) ImHere: TP FRIEND
(25:34 / Allies) ImHere: tp friend!
(25:42 / Allies) kim(dot)fi: all
(25:50 / Allies) PINGTEST: cant fiht
(25:53 / Allies) PINGTEST: no need
(26:00 / Allies) PINGTEST: b
(26:06 / Allies) kim(dot)fi: yellow
(26:25 / Allies) PINGTEST: more borrow bats
(26:27 / Allies) ImHere: he has to give control
(27:10 / Allies) PINGTEST: bats
(28:07 / Allies) PINGTEST: ye man
(28:08 / Allies) kim(dot)fi: i can play him
(28:08 / Allies) PINGTEST: control hes heros
(28:23 / Allies) kim(dot)fi: let me play
(28:30 / Allies) PINGTEST: ye red u suck
(28:33 / Allies) kim(dot)fi: fuck you
(28:34 / Allies) PINGTEST: now u can suck go on
(28:36 / Allies) ImHere: let me use bm
(29:01 / Allies) kim(dot)fi: fine play
(29:04 / Allies) kim(dot)fi: afk
(30:24 / Allies) kim(dot)fi: orange make units
(30:30 / Allies) PINGTEST: he has gyrp
(30:30 / Allies) kim(dot)fi: 4k
(30:38 / Allies) PINGTEST: stay under 50
(30:39 / Allies) PINGTEST: man ok
(30:41 / Allies) PINGTEST: and save more gold
(30:44 / Allies) kim(dot)fi: k
(30:47 / Allies) PINGTEST: its lame game
(31:34 / Allies) kim(dot)fi: gimme 200
(31:38 / Allies) kim(dot)fi: i buy shredder
(31:51 / Allies) kim(dot)fi: fuck no food :D
(31:57 / Allies) PINGTEST: orange lol make shop
(32:00 / Allies) PINGTEST: red shut up plz
(32:06 / Allies) kim(dot)fi: g
(32:06 / Allies) kim(dot)fi: g
(32:06 / Allies) kim(dot)fi: g
(32:07 / Allies) kim(dot)fi: g
(32:07 / Allies) kim(dot)fi: g
(32:07 / Allies) kim(dot)fi: g
(32:08 / Allies) kim(dot)fi: gg
(32:08 / Allies) kim(dot)fi: g
(32:09 / Allies) kim(dot)fi: adfd
(32:09 / Allies) kim(dot)fi: aad
(32:10 / Allies) kim(dot)fi: ads
(32:10 / Allies) kim(dot)fi: asf
(32:16 / Allies) PINGTEST: orange make shop
(32:21 / Allies) PINGTEST: thx
(33:08 / Allies) PINGTEST: some gold plz
(33:10 / Allies) ImHere: whoops
(33:11 / Allies) kim(dot)fi: well played
(33:12 / Allies) ImHere: wasn't paying attnetion
(33:25 / Allies) ImHere: they might have mh which is ad lol
(33:26 / Allies) ImHere: sad
(33:26 / Allies) PINGTEST: his gyro are shit
(33:28 / Allies) PINGTEST: urs 3-3
(33:36 / Allies) PINGTEST: final fhgt at ur exe
(34:44 / Allies) kim(dot)fi: yellow go
(34:45 / Allies) kim(dot)fi: omg
(34:46 / Allies) kim(dot)fi: no back
(34:53 / All) ImHere: DEUS VULT
(34:58 / All) ImHere: BOMBS AWAY MOTHERFUCKER
(35:02 / All) kim(dot)fi: lol
(35:04 / All) Hum_imba: haha